 Dungeon Crawl Stone Soup version 0.24-a0-264-gf46a388 (webtiles) character file.

Game seed: 13935700839302083724

74 Hasart the Cutter (level 4, 0/27 HPs)
             Began as a Kobold Gladiator on Apr 20, 2019.
             Slain by Sigmund
             ... wielding a +0 scythe
              (7 damage)
             ... on level 2 of the Dungeon.
             The game lasted 00:03:47 (1114 turns).

Hasart the Cutter (Kobold Gladiator)                Turns: 1114, Time: 00:03:48

Health: 0/27       AC:  6    Str: 12    XL:     4   Next: 54%
Magic:  4/4        EV: 17    Int: 14    God:
Gold:   47         SH:  0    Dex: 16    Spells: 3/3 levels left

rFire    . . .     SeeInvis .   a - +0 rapier
rCold    . . .     Gourm    .   (shield restricted)
rNeg     + . .     Faith    .   m - +2 robe {rN+}
rPois    .         Spirit   .   c - +0 helmet
rElec    .         Reflect  .   (no cloak)
rCorr    .         Harm     .   (no gloves)
MR       .....                  n - +0 pair of boots
Stlth    +.........             (no amulet)
HPRegen  0.09/turn              (no ring)
MPRegen  0.09/turn              (no ring)

@: confused, brilliant, flying
A: small, carnivore
a: no special abilities


You were on level 2 of the Dungeon.
You were completely stuffed.

You visited 1 branch of the dungeon, and saw 2 of its levels.

You collected 47 gold pieces.

Inventory:

Hand Weapons
 a - a +0 rapier (weapon)
Missiles
 d - 3 throwing nets (quivered)
Armour
 c - a +0 helmet (worn)
 m - a +2 robe of positive energy (worn)
 n - a +0 pair of boots (worn)
Scrolls
 b - 2 scrolls of identify {unknown}
 i - 3 scrolls of magic mapping {unknown}
 j - a scroll of enchant weapon {unknown}
 k - a scroll of amnesia {unknown}
 o - a scroll of remove curse {unknown}
Potions
 e - a potion of brilliance
 h - 3 potions of curing
Comestibles
 f - 5 rations


   Skills:
 + Level 2.8 Fighting
 * Level 5.0 Short Blades
 - Level 2.1 Throwing
 + Level 1.0 Armour
 + Level 4.1 Dodging
 + Level 2.2 Stealth


You had 3 spell levels left.
You didn't know any spells.
Your spell library was empty.

Dungeon Overview and Level Annotations

Branches:
Dungeon (2/15)

Altars:
Vehumet

Annotations:
D:2 Sigmund


Innate Abilities, Weirdness & Mutations

You are small and have problems with some larger weapons.
You are carnivorous and can eat meat at any time.


Message History

You closely miss the quokka.
The quokka is moderately wounded.
The quokka completely misses you. The quokka barely misses you.
You hit the quokka.
You kill the quokka!
Sigmund misses you.
It was a potion of brilliance.
You feel clever all of a sudden. Sigmund barely misses you.
You see here a quokka corpse.
You hit Sigmund.
Sigmund is heavily wounded.
Sigmund gestures at you while chanting.
You are confused.
You bump into the rock wall.
Sigmund barely misses you.
You closely miss Sigmund.
Sigmund is heavily wounded.
Sigmund barely misses you.
Sigmund hits you from afar with a +0 scythe!
You die...

........#
###....
>.......#
##......
........#
##.....##
........#
##....###
.....?..#
##...###
....[...#
###...## #@#
###....##
#†###..[..##
#.@......##
#......###
##$..###
#####


You could see Sigmund.

Vanquished Creatures
  Jessica (D:2)
  An adder (D:2)
  An ooze (D:1)
  A dart slug (D:1)
  3 leopard geckos
  3 bats
  3 giant cockroaches (D:1)
  A goblin (D:1)
  5 hobgoblins
  4 kobolds (D:1)
  A quokka (D:2)
  3 frilled lizards (D:1)
  2 rats (D:1)
29 creatures vanquished.

Vanquished Creatures (others)
  A giant cockroach (D:2)
1 creature vanquished.

Grand Total: 30 creatures vanquished

Notes
Turn   | Place    | Note
-------+----------+-------------------------------------------
     0 | D:1      | Hasart the Kobold Gladiator began the quest for the Orb.
     0 | D:1      | Reached XP level 1. HP: 12/12 MP: 1/1
    44 | D:1      | Reached XP level 2. HP: 17/17 MP: 2/2
    83 | D:1      | Reached skill level 1 in Stealth
   258 | D:1      | Reached XP level 3. HP: 22/22 MP: 3/3
   668 | D:2      | Noticed Jessica
   678 | D:2      | Killed Jessica
   678 | D:2      | Reached XP level 4. HP: 20/27 MP: 4/4
   833 | D:2      | Found a radiant altar of Vehumet.
   904 | D:2      | Reached skill level 5 in Short Blades
   911 | D:2      | Reached skill level 1 in Armour
  1089 | D:2      | Noticed Sigmund
  1114 | D:2      | Slain by Sigmund

Levels and vault maps discovered:
D:1:      minmay_arrival_four_houses, layout_rooms
D:2:      layout_rooms, fiery_altar_vehumet, serial_curves, eino_curves_01,
          eino_curves_01, eino_curves_02, uniq_jessica, uniq_sigmund

Skill      XL: |  1  2  3  4 |
---------------+-------------+-----
Stealth        | 1 2 |  2.2
Dodging        | 4 |  4.1
Short Blades   | 5 |  5.0
Armour         | 1 |  1.0
Fighting       | |  2.8
Throwing       | |  2.1

Action                   |  1- 3 |  4- 6 || total
-------------------------+-------+-------++-------
Melee: Rapier            |    75 |    22 ||    97
  Use: Potion            |       |     4 ||     4
  Eat: Chunk             |     8 |     1 ||     9
Armor: Leather armour    |    15 |       ||    15
       Robe              |       |     3 ||     3
Dodge: Dodged            |    64 |    30 ||    94

Table legend:
 A = Non-vault XP
 B = Vault XP
 C = Vault XP percentage of total XP
 D = Non-vault monster count
 E = Vault monster count
 F = Vault count percentage of total count
                 A         B        C        D         E       F
            +---------+---------+-------+---------+---------+-------
      Total |      70 |      37 |  34.6 |      28 |       1 |   3.4
            +---------+---------+-------+---------+---------+-------
        D:1 |      46 |       0 |   0.0 |      22 |       0 |   0.0
        D:2 |      24 |      37 |  60.7 |       6 |       1 |  14.3
            +---------+---------+-------+---------+---------+-------
